 Dungeon Crawl Stone Soup version 0.22.0-38-g04b72b8 (webtiles) character file.

2065 torrenera the Grappler (level 9, -3/80 HPs)
             Began as a Troll Monk on Aug 29, 2018.
             Was a Priest of Cheibriados.
             Slain by a hornet (13 damage)
             ... on level 7 of the Dungeon.
             The game lasted 00:10:21 (4995 turns).

torrenera the Grappler (Troll Monk)                 Turns: 4995, Time: 00:10:22

Health: -3/80      AC:  1    Str: 33    XL:     9   Next: 5%
Magic:  8/10       EV: 11    Int: 16    God:    Cheibriados [***...]
Gold:   354        SH:  0    Dex: 22    Spells: 8/8 levels left

rFire    . . .     SeeInvis .     - Unarmed
rCold    . . .     Gourm    +   (no shield)
rNeg     . . .     Faith    .   a - +0 robe
rPois    .         Spirit   .   (helmet restricted)
rElec    .         Reflect  .   (no cloak)
rCorr    .         Harm     .   (gloves unavailable)
MR       .....                  (boots unavailable)
Stlth    ++........             (no amulet)
HPRegen  0.63/turn              r - +3 ring of intelligence
MPRegen  0.12/turn              (no ring)

@: mighty, lethally poisoned (-3 -> -16), corroded, slowed, very slow
A: large, unfitting armour, claws 3, fast metabolism 3, gourmand, regeneration
1, shaggy fur 1, tough skin 2
a: Bend Time, Temporal Distortion, Renounce Religion


You were on level 7 of the Dungeon.
You worshipped Cheibriados.
Cheibriados was most pleased with you.
You were completely stuffed.

You visited 2 branches of the dungeon, and saw 8 of its levels.

You collected 354 gold pieces.

Inventory:

Hand Weapons
 D - the +11 whip of Suxouff {venom, rC+, unknown}
   (You found it on level 7 of the Dungeon)

   It poisons the flesh of those it strikes.
   It protects you from cold.
Missiles
 d - 199 stones (quivered)
 h - 16 poisoned needles
 j - 85 sling bullets
Armour
 a - a +0 robe (worn)
Jewellery
 p - an uncursed amulet of guardian spirit {unknown}
 r - a +3 ring of intelligence (left claw)
Wands
 m - a wand of digging (10)
 B - a wand of disintegration (16)
Scrolls
 g - a scroll of random uselessness {unknown}
 k - 4 scrolls of remove curse
 l - a scroll of magic mapping {unknown}
 o - a scroll of amnesia {unknown}
 s - a scroll of fear {unknown}
 t - a scroll of teleportation {unknown}
 w - a scroll of blinking
 y - a scroll of fog
 C - a scroll of noise {unknown}
Potions
 e - 2 potions of curing
 f - 2 potions of lignification
 i - a potion of heal wounds
 n - 2 potions of cancellation
 q - a potion of degeneration
 u - a potion of mutation
 v - 5 potions of flight
 x - a potion of berserk rage
 A - a potion of might
Comestibles
 b - 15 rations
 z - 6 chunks of flesh


   Skills:
 - Level 2.4 Fighting
 - Level 2.4 Dodging
 - Level 1.0 Stealth
 - Level 11.5 Unarmed Combat
 + Level 3.2 Invocations


You had 8 spell levels left.
You didn't know any spells.
Your spell library contained the following spells:

 Spells                   Type           Power        Failure   Level  Hunger
 Confusing Touch          Hex            #.....       26%         1    ##.....
 Confuse                  Hex            #.......     58%         3    ####...
 Gell's Gravitas          Tloc           #.........   58%         3    ####...
 Petrify                  Tmut/Erth      #.......     94%         4    #####..
 Metabolic Englaciation   Hex/Ice        #.........   100%        5    ######.
 Yara's Violent Unravell  Hex/Tmut       #.........   100%        5    ######.


Dungeon Overview and Level Annotations

Branches:
Dungeon (7/15)             Temple (1/1) D:4

Altars:
Cheibriados
Dithmenos
Elyvilon
Fedhas
Gozag
Hepliaklqana
Nemelex Xobeh
Ru
Sif Muna
Trog
Uskayaw
Vehumet
Wu Jian
Xom
Yredelemnul
Zin
The Shining One

Annotations:
D:7 Joseph


Innate Abilities, Weirdness & Mutations

You are too large for most types of armour.
You have claws for hands.
Your metabolism is lightning-fast.
You like to eat raw meat.
Your natural rate of healing is unusually fast.
You are covered in fur. (AC +1)
You have very tough skin. (AC +2)


Message History

* * * LOW HITPOINT WARNING * * *
You feel as though you will be slow longer.
The hornet misses you.
You feel much better.
You feel sick. The hornet misses you. The hornet stings you.
You are more poisoned.
You feel as though you will be slow longer.
The hornet stings you!
* * * LOW HITPOINT WARNING * * *
You are lethally poisoned!
You feel as though you will be slow longer.
Evoke which item? (* to show all) (? for menu, Esc to quit)
Aiming: Disintegrate
Press: ? - help, Shift-Dir - straight line, f - hornet
Aim: a hornet (chance to defeat MR: 56%)
The hornet is blasted.
* * * LOW HITPOINT WARNING * * *
You feel very sick. The hornet stings you!
You die...

######## #......#
###......################
.........'......@y@......
###..)...#########S..#...
#......# ....... #......#
.#.#.#. #......# .....$.
#......# ## #### #......#
#.§....# ###..§§§§#


You could see Joseph, a hornet and a ball python.

Vanquished Creatures
  Pikel (D:4)
  The ghost of braks the Conjurer, a novice TeWz (D:5)
  Edmund (D:5)
  3 centaurs
  A phantom (D:5)
  3 bullfrogs
  A wyvern skeleton (D:6)
  2 scorpions (D:4)
  A howler monkey (D:7)
  2 crimson imps
  A centaur zombie (D:5)
  An orc priest (D:4)
  A bullfrog zombie (D:5)
  2 hounds
  A jelly (D:6)
  An orc wizard (D:3)
  2 worker ants (D:5)
  2 killer bee zombies (D:5)
  A worker ant zombie (D:6)
  9 adders
  A shadow imp (D:5)
  An ooze (D:2)
  2 worms
  A dart slug (D:1)
  3 leopard geckos
  9 orcs
  8 bats
  3 giant cockroaches
  6 goblins
  6 hobgoblins
  6 jackals
  6 kobolds
  4 quokkas
  A ball python (D:2)
  7 frilled lizards
  A giant cockroach zombie (D:6)
  12 rats
114 creatures vanquished.

Vanquished Creatures (others)
  A slave (D:5)
1 creature vanquished.

Grand Total: 115 creatures vanquished

Notes
Turn   | Place    | Note
-------+----------+-------------------------------------------
     0 | D:1      | torrenera the Troll Monk began the quest for the Orb.
     0 | D:1      | Reached XP level 1. HP: 22/22 MP: 0/0
   149 | D:1      | Reached XP level 2. HP: 29/29 MP: 1/1
   441 | D:2      | Found an opulent altar of Gozag.
   462 | D:2      | Reached skill level 4 in Unarmed Combat
   464 | D:2      | Reached XP level 3. HP: 26/36 MP: 2/2
   693 | D:2      | Found a hide-covered altar of Uskayaw.
   792 | D:2      | Reached XP level 4. HP: 44/44 MP: 3/3
   880 | D:2      | Reached skill level 5 in Unarmed Combat
  1638 | D:3      | Reached XP level 5. HP: 50/50 MP: 4/4
  1930 | D:4      | Reached skill level 6 in Unarmed Combat
  2021 | D:4      | Found a staircase to the Ecumenical Temple.
  2044 | Temple   | Entered the Ecumenical Temple
  2312 | Temple   | Became a worshipper of Cheibriados the Contemplative
  2312 | Temple   | Reached * piety under Cheibriados
  2312 | Temple   | Reached ** piety under Cheibriados
  2570 | D:4      | Reached XP level 6. HP: 48/59 MP: 5/5
  2599 | D:4      | Found a blossoming altar of Fedhas.
  2637 | D:4      | Reached skill level 7 in Unarmed Combat
  2854 | D:5      | Entered Level 5 of the Dungeon
  3004 | D:5      | Noticed a slave
  3005 | D:5      | Noticed Edmund
  3005 | D:5      | Noticed a slave
  3005 | D:5      | Noticed Pikel
  3019 | D:5      | Noticed a slave
  3032 | D:4      | Killed Pikel
  3032 | D:4      | Reached skill level 9 in Unarmed Combat
  3032 | D:4      | Reached XP level 7. HP: 32/66 MP: 6/6
  3101 | D:5      | Killed Edmund
  3120 | D:5      | Reached XP level 8. HP: 69/74 MP: 7/7
  3172 | D:5      | Reached skill level 10 in Unarmed Combat
  3234 | D:5      | Found a runed door.
  3360 | D:5      | Found a deep blue altar of Sif Muna.
  4087 | D:5      | Noticed braks's ghost (novice TeWz)
  4097 | D:5      | Killed braks's ghost
  4097 | D:5      | Reached skill level 11 in Unarmed Combat
  4241 | D:6      | Reached *** piety under Cheibriados
  4296 | D:6      | Reached skill level 1 in Invocations
  4386 | D:6      | Found a glowing golden altar of the Shining One.
  4841 | D:7      | Reached XP level 9. HP: 78/80 MP: 8/10
  4864 | D:7      | Found a bloodstained altar of Trog.
  4941 | D:7      | Noticed Joseph
  4957 | D:7      | Got a crude whip
  4990 | D:7      | Paralysed by a hornet for 1 turns
  4993 | D:7      | HP: 4/80 [hornet (10)]
  4995 | D:7      | Slain by a hornet

Skill      XL: |  1  2  3  4  5  6  7  8  9 |
---------------+----------------------------+-----
Unarmed Combat | 4 5 6 9 11 | 11.5
Invocations    | 2 3 |  3.2
Fighting       | |  2.4
Dodging        | |  2.4
Stealth        | |  1.0

Action                   |  1- 3 |  4- 6 |  7- 9 || total
-------------------------+-------+-------+-------++-------
Melee: Unarmed           |    72 |   138 |    90 ||   300
       Punch             |     2 |     3 |    14 ||    19
Throw: Stone             |       |     6 |    14 ||    20
Invok: Bend Time         |       |       |     1 ||     1
Evoke: Wand              |       |       |     1 ||     1
  Use: Scroll            |       |       |    12 ||    12
       Potion            |       |       |     3 ||     3
 Stab: Sleeping          |     1 |     4 |     4 ||     9
  Eat: Chunk             |    13 |    18 |    11 ||    42
Armor: Robe              |    41 |    31 |    21 ||    93
Dodge: Dodged            |    52 |    56 |    61 ||   169
